Map: Year Zero LE

Players

MechaCaulk - Winner!

  • Race: Zerg Zerg
  • League: Platinum
  • Spawn Location: 1:00

miclo

  • Race: Terran Terran
  • League: Platinum
  • Spawn Location: 11:00

VOD

Have the link to the VOD?

Description

Time

  • Played on: May 16, 2019, 2:15 a.m.
  • Length: 12:32
Show
View Real Time Build Order
Export as new Build Order

MechaCaulk Zerg - Winner!

Build Orders: Hatch First 

Get SALT Encoding   

  12  0:02  Drone  
  13  0:15  Overlord  
  13  0:22  Drone  
  14  0:34  Drone x2  
  16  0:38  Drone  
  17  0:57  Hatchery  
  17  0:58  Drone  
  17  1:02  Drone  
  18  1:11  Drone  
  19  1:23  Spawning Pool  
  18  1:27  Extractor, Drone  
  18  1:31  Drone  
  19  1:41  Overlord  
  19  2:15  Queen  
  19  2:16  Queen  
  19  2:17  Zergling x2  
  19  2:18  Zergling x4  
  19  2:20  Drone  
  19  2:21  Drone  
  28  2:36  Drone  
  29  2:42  Spore Crawler  
  28  2:51  Queen x2  
  28  2:54  Drone x3  
  28  2:55  Drone  
  35  3:15  Drone  
  36  3:34  Overlord x2  
  36  3:35  Spore Crawler  
  35  3:47  Overlord  
  35  3:52  Queen x2  
  39  4:02  Drone x3  
  42  4:03  Drone x6  
  48  4:26  Baneling Nest  
  48  4:28  Pneumatized Carapace  
  47  4:35  Queen  
  47  4:38  Overlord x2  
  49  4:52  Hatchery  
  48  5:05  Drone x3  
  48  5:06  Drone x6  
  57  5:10  Queen  
  58  5:23  Drone  
  58  5:24  Drone x5  
  58  5:27  Zergling x2  
  65  5:46  Drone x3  
  65  5:47  Drone x5  
  65  5:48  Overlord  
  71  6:12  Zergling x12  
  71  6:17  Lair  
  75  6:42  Extractor x2  
  73  6:52  Extractor  
  73  6:53  Extractor  
  71  7:04  Extractor  
  71  7:06  Overlord x2  
  71  7:07  Overlord x3  
  70  7:09  Zergling x2  
  70  7:10  Zergling x16  
  79  7:16  Hatchery  
  78  7:25  Baneling x4  
  78  7:26  Zergling x8  
  78  7:27  Metabolic Boost, Centrifical Hooks  
  80  7:37  Zergling x6  
  80  7:38  Zergling x4  
  80  7:40  Baneling x5  
  80  7:41  Baneling  
  76  7:56  Drone x4  
  80  8:01  Drone  
  81  8:28  Zergling x8, Drone  
  81  8:29  Drone x3  
  81  8:32  Overseer  
  89  8:45  Zergling x12  
  95  8:48  Overlord x2  
  95  8:49  Overlord x2  
  95  8:54  Hydralisk Den  
  94  8:58  Zergling x12  
  94  8:59  Evolution Chamber  
  94  9:00  Evolution Chamber  
  98  9:16  Spire  
  97  9:18  Zergling x12  
  103  9:32  Drone  
  103  9:33  Drone x7  
  111  9:39  Baneling x8  
  111  9:40  Baneling x8  
  111  9:41  Baneling x3  
  111  9:42  Drone x8  
  119  9:51  Drone x2  
  119  9:52  Drone x6  
  127  9:55  Zerg Melee Weapons Level 1  
  127  10:00  Drone x4  
  131  10:21  Extractor  
  131  10:24  Extractor  
  118  10:31  Corruptor x6  
  118  10:32  Corruptor x3  
  118  10:33  Hydralisk x4  
  120  10:50  Corruptor x3  
  123  10:59  Zergling x2  
  123  11:00  Zergling x16  
  132  11:08  Drone x6  
  138  11:26  Baneling x6  
  138  11:27  Baneling x3  
  138  11:43  Overlord x3  
  138  11:44  Overlord  
  138  11:45  Hydralisk x7  
  152  11:58  Infestation Pit  
  152  12:01  Overlord x3  
  151  12:06  Hydralisk x2  
  164  12:08  Zergling x4  
  164  12:10  Baneling x3  
Show
View Real Time Build Order
Export as new Build Order

miclo Terran 

Build Orders: Reaper Expand 

Get SALT Encoding   

  12  0:05  SCV  
  13  0:17  SCV  
  14  0:22  Supply Depot  
  14  0:32  SCV  
  15  0:45  Barracks  
  15  0:47  SCV  
  15  0:49  Refinery  
  16  0:59  SCV  
  17  1:11  SCV  
  18  1:23  SCV  
  19  1:34  Reaper  
  19  1:35  Command Center  
  19  1:39  SCV  
  21  1:51  Orbital Command  
  21  1:58  Refinery  
  21  2:10  Marine  
  21  2:12  Factory  
  22  2:17  SCV  
  23  2:29  Barracks Tech Lab  
  23  2:37  Supply Depot  
  23  2:46  SCV  
  24  2:59  SCV  
  24  3:11  Orbital Command  
  24  3:19  Starport  
  24  3:20  Barracks Reactor  
  24  3:23  Barracks  
  24  3:32  Siege Tank  
  24  3:34  SCV, Orbital Command  
  28  4:02  Starport Reactor  
  28  4:03  Marine x2  
  28  4:05  Refinery x2  
  28  4:09  Engineering Bay  
  30  4:10  SCV x2  
  30  4:15  Barracks Tech Lab  
  32  4:17  Barracks  
  32  4:22  Marine x2, SCV x2  
  36  4:27  Liberator  
  36  4:34  SCV x2  
  36  4:35  Bunker  
  38  4:38  Terran Infantry Weapons Level 1  
  38  4:41  Stimpack  
  41  4:46  SCV x2  
  41  4:51  Missile Turret  
  43  4:58  SCV x2  
  45  5:04  Marine  
  46  5:11  Supply Depot  
  46  5:22  Supply Depot  
  46  5:24  Supply Depot  
  46  5:26  Liberator  
  46  5:32  Marine x3, SCV x2  
  51  5:41  Medivac  
  53  5:44  SCV x2  
  53  5:48  Command Center  
  58  5:57  Engineering Bay  
  58  5:59  Marine x2  
  58  6:00  Marine, Armory  
  58  6:03  SCV  
  58  6:04  SCV  
  63  6:07  Marine  
  64  6:16  Supply Depot  
  64  6:17  Marine  
  65  6:24  Marine x2  
  65  6:25  Marine  
  68  6:38  Siege Tank  
  68  6:39  Barracks, Supply Depot  
  71  6:41  Combat Shield  
  71  6:55  SCV x2  
  71  6:57  Terran Infantry Weapons Level 2, Missile Turret  
  73  7:01  Terran Infantry Armor Level 1  
  73  7:06  Orbital Command  
  73  7:07  SCV x2  
  75  7:19  SCV x2  
  77  7:26  Marine x4  
  73  7:56  Medivac  
  73  7:57  Medivac  
  74  8:02  Starport  
  74  8:03  Barracks Reactor x2  
  74  8:05  Starport  
  74  8:09  Liberator x2  
  74  8:10  Orbital Command  
  74  8:13  Terran Vehicle And Ship Armor Level 1  
  74  8:18  Fusion Core  
  74  8:20  Marine x3  
  74  8:22  Starport  
  83  8:29  Supply Depot  
  83  8:32  SCV x2  
  85  8:37  SCV  
  85  8:38  Marine x2  
  89  8:44  SCV  
  90  8:52  Supply Depot  
  90  8:54  Liberator x4  
  89  8:55  Marine  
  89  8:56  Marine  
  89  9:00  Terran Infantry Armor Level 2  
  91  9:08  Barracks Reactor  
  91  9:09  Marine x4  
  95  9:13  Marine x2  
  109  9:19  Refinery  
  109  9:24  Advanced Ballistics, Refinery  
  109  9:28  Starport Reactor  
  109  9:30  Marine x4  
  113  9:31  Marine x2  
  115  9:41  Barracks  
  115  9:42  Barracks  
  115  9:48  Marine x2  
  115  9:51  Barracks  
  115  9:52  Barracks  
  117  10:26  Marine  
  117  10:27  Marine  
  117  10:28  Marine x4  
  117  10:29  Marine x2  
  117  10:32  Marine x2  
  94  10:44  Marine  
  94  10:45  Barracks, Marine x2  
  94  10:46  Marine x4  
  94  10:47  Barracks, Marine  
  101  10:50  Marine x2  
  101  11:02  Marine x2, Barracks Reactor x2  
  101  11:03  Marine x2  
  101  11:04  Marine x2, Medivac  
  109  11:12  Marine  
  109  11:13  Medivac, SCV x3  
  109  11:16  Supply Depot  
  115  11:20  Marine x2  
  117  11:37  Marine x7  
  117  11:38  SCV  
  125  11:43  Command Center  
Tags
 
Add a new tag
Caveats
  • Supply blocks, unpowered buildings, or Contaminate may cause inaccurate times.
  • Supply counts are checked every 10 seconds.